 Dungeon Crawl Stone Soup version 0.23.2-1-ga50397a (webtiles) character file.

Game seed: 18396588301082837891

65 xveg the Vandal (level 4, -2/29 HPs)
             Began as a Halfling Hunter on May 9, 2019.
             Slain by Sigmund
             ... wielding a +1 scythe of pain
              (4 damage)
             ... on level 3 of the Dungeon.
             The game lasted 00:01:42 (1802 turns).

xveg the Vandal (Halfling Hunter)                   Turns: 1802, Time: 00:01:43

Health: -2/29      AC:  6    Str: 19    XL:     4   Next: 35%
Magic:  4/4        EV: 17    Int:  9    God:
Gold:   115        SH:  0    Dex: 14    Spells: 3/3 levels left

rFire    . . .     SeeInvis .   a - +1 hunting sling
rCold    . . .     Gourm    .   (shield restricted)
rNeg     . . .     Faith    .   p - +0 ring mail
rPois    .         Spirit   .   (no helmet)
rElec    .         Reflect  .   j - +0 cloak
rCorr    .         Harm     .   (no gloves)
MR       .....                  (no boots)
Stlth    +.........             (no amulet)
HPRegen  0.09/turn              v - +3 ring of evasion
MPRegen  0.09/turn              (no ring)

@: mighty
A: small, mutation resistance 1
a: no special abilities


You were on level 3 of the Dungeon.
You were not hungry.

You visited 1 branch of the dungeon, and saw 3 of its levels.

You collected 115 gold pieces.

Inventory:

Hand Weapons
 a - a +1 hunting sling (weapon)
 b - a +0 short sword
Missiles
 q - 93 stones (quivered)
 w - a large rock
Armour
 c - a +0 leather armour
 j - a +0 cloak (worn)
 p - a +0 ring mail (worn)
Jewellery
 v - a +3 ring of evasion (left hand)
Scrolls
 e - a scroll of teleportation {unknown}
 h - a scroll of remove curse {unknown}
 i - a scroll of noise {unknown}
 l - 2 scrolls of enchant weapon {unknown}
 m - a scroll of magic mapping {unknown}
 o - a scroll of fog {unknown}
 r - 2 scrolls of random uselessness {unknown}
 s - 2 scrolls of fear {unknown}
 t - a scroll of enchant armour {unknown}
Potions
 g - a potion of mutation {unknown}
 k - 2 potions of might
 n - 2 potions of curing {unknown}
 u - a potion of agility {unknown}
Comestibles
 f - 7 rations


   Skills:
 + Level 2.2 Fighting
 + Level 7.5 Slings
 + Level 0.2 Armour
 + Level 2.4 Dodging
 + Level 1.2 Stealth


You had 3 spell levels left.
You didn't know any spells.
Your spell library was empty.

Dungeon Overview and Level Annotations

Branches:
Dungeon (3/15)

Altars:
Hepliaklqana
Kikubaaqudgha
Qazlal
Wu Jian
The Shining One

Annotations:
D:3 Sigmund


Innate Abilities, Weirdness & Mutations

You are small and have problems with some larger weapons.
You are somewhat resistant to further mutation.


Message History

You shoot a stone. The stone closely misses the hobgoblin.
Something hits you!
You writhe in agony.
Firing (i - inventory)
q - 95 stones (quivered)
Press: ? - help, Shift-Dir - straight line, f/p - hobgoblin
Aim: a hobgoblin, wielding a +0 club You shoot a stone.
The stone hits the hobgoblin but does no damage.
Something hits you!
* * * LOW HITPOINT WARNING * * *
You writhe in agony.
* * * LOW HITPOINT WARNING * * *
Firing (i - inventory)
q - 94 stones (quivered)
Press: ? - help, Shift-Dir - straight line, f/p - hobgoblin
Aim: a hobgoblin, wielding a +0 club You shoot a stone.
The stone hits the hobgoblin!
You kill the hobgoblin!
It was a potion of might.
You feel very mighty all of a sudden. Something hits you.
You die...

#.# #.# #.#
#######.####
...........#
.#####.###.# #
.#####.# #.# ##.#
....##.###.######(..#
#.............@(#
#..#.##########(# #
#.#..# {# .##..#.# )#
#.#.##.# (# ..†.##.#
(# ....##.# .#
.##.##.# .# ....##.#


There were no monsters in sight!

Vanquished Creatures
  2 adders (D:2)
  An ooze (D:1)
  A worm (D:3)
  2 leopard geckos (D:1)
  2 giant cockroaches (D:1)
  4 hobgoblins
  A quokka (D:3)
  4 ball pythons (D:2)
  3 bats (D:1)
  2 frilled lizards (D:2)
  6 goblins
  5 kobolds
  7 rats
40 creatures vanquished.

Notes
Turn   | Place    | Note
-------+----------+-------------------------------------------
     0 | D:1      | xveg the Halfling Hunter began the quest for the Orb.
     0 | D:1      | Reached XP level 1. HP: 14/14 MP: 1/1
    42 | D:1      | Reached skill level 6 in Slings
   159 | D:1      | Reached XP level 2. HP: 19/19 MP: 2/2
   488 | D:1      | Reached XP level 3. HP: 20/24 MP: 3/3
  1118 | D:2      | Reached skill level 7 in Slings
  1136 | D:2      | Found an ancient bone altar of Kikubaaqudgha.
  1136 | D:2      | Found a glowing golden altar of the Shining One.
  1219 | D:2      | Found a hazy altar of Hepliaklqana.
  1349 | D:2      | Reached XP level 4. HP: 29/29 MP: 4/4
  1614 | D:2      | Found a stormy altar of Qazlal.
  1737 | D:3      | Found an ornate altar of the Wu Jian Council.
  1786 | D:3      | Noticed Sigmund
  1802 | D:3      | Slain by Sigmund

Skill      XL: |  1  2  3 |
---------------+----------+-----
Slings         | 6 7 |  7.5
Fighting       | 2 |  2.2
Armour         | |  0.2
Dodging        | |  2.4
Stealth        | |  1.2

Action                   |  1- 3 |  4- 6 || total
-------------------------+-------+-------++-------
 Fire: Hunting sling     |    73 |    37 ||   110
  Use: Potion            |       |     1 ||     1
  Eat: Chunk             |     1 |       ||     1
       Ration            |       |     1 ||     1
Armor: Leather armour    |     1 |       ||     1
       Ring mail         |     2 |       ||     2
Dodge: Dodged            |     9 |     1 ||    10
